 Dungeon Crawl Stone Soup version 0.30-a0-760-g5a9884bb7c (webtiles) character file.

Game seed: 3088159744282482253

33 Kenran the Cudgeller (level 3, -2/48 HPs)
             Began as an Armataur Berserker on Feb 11, 2023.
             Was a Follower of Trog.
             Splashed by a jelly's acid (8 damage)
             ... on level 1 of the Dungeon.
             The game lasted 00:01:01 (580 turns).

Kenran the Cudgeller (Armataur Berserker)            Turns: 580, Time: 00:01:02

Health: -2/48      AC:  0    Str: 24    XL:     3   Next: 12%
Magic:  3/3        EV:  9    Int:  7    God:    Trog [*.....]
Gold:   90         SH:  0    Dex:  9    Spells: 2/2 levels left

rFire   . . .      SeeInvis .    a - +0 mace
rCold   . . .      Faith    .    (no shield)
rNeg    . . .      Spirit   .    b - +0 animal skin
rPois   .          Reflect  .    (no helmet)
rElec   .          Harm     .    (no cloak)
rCorr   .          Roll     +    (no gloves)
Will    .....                    (no barding) Stlth
                                 (no amulet)
HPRegen 0.28/turn                (no ring)
MPRegen 0.08/turn                (no ring)

@: berserking, corroded, very quick
A: large, rugged brown scales 3, deformed body, armoured tail, roll, long
tongue, awkward tongue
a: Renounce Religion, Berserk


You were on level 1 of the Dungeon.
You worshipped Trog.
Trog was aware of your devotion.
You visited 1 branch of the dungeon, and saw 1 of its levels.

You collected 90 gold pieces.

Inventory:

Hand Weapons
 a - a +0 mace (weapon)
Armour
 b - a +0 animal skin (worn)
Scrolls
 c - a scroll of identify {unknown}
 e - 2 scrolls of vulnerability {unknown}
Potions
 d - 2 potions of heal wounds {unknown}
 f - a potion of mutation {unknown}


   Skills:
 - Level 2.6 Fighting
 + Level 3.9 Maces & Flails
 - Level 2.4 Armour
 - Level 1.3 Dodging


You had 2 spell levels left.
You didn't know any spells.
Your spell library was empty.

Dungeon Overview and Level Annotations

Branches:
Dungeon (1/15)

Altars:


Innate Abilities, Weirdness & Mutations

You are completely covered in rugged brown scales. (AC +3, +7% HP)
Armour fits poorly on your strangely shaped body.
You have a long armoured tail.
You roll when moving toward enemies. (Rampage)
Your long tongue fully drains potion bottles. (2x potion effects)
Your tongue gives you trouble enunciating. (1.5x scroll delay)


Message History

The giant cockroach bites you. The giant cockroach barely misses you.
You sock the giant cockroach!
You kill the giant cockroach!
Trog accepts your kill.
You hit the endoplasm. You tail-slap the endoplasm.
You kill the endoplasm!
Trog accepts your kill. The rat bites you but does no damage.
The rat twitches its whiskers.
You hit the rat.
The rat is severely wounded.
The rat barely misses you.
You hit the rat but do no damage.
The rat is severely wounded.
The rat twitches its whiskers.
The rat bites you.
You hit the rat.
You kill the rat!
Trog accepts your kill.
The giant cockroach bites you but does no damage.
You barely miss the giant cockroach. The giant cockroach closely misses you.
You hit the giant cockroach.
You kill the giant cockroach!
Trog accepts your kill. The jelly hits you.
You are splashed with acid!
You hit the jelly.
Your hands burn!
The jelly is lightly wounded.
The jelly hits you.
You are splashed with acid!
You are too injured to fight recklessly!
A red film seems to cover your vision as you go berserk!
You feel yourself moving faster!
You feel mighty! The jelly hits you.
You are splashed with acid.
* * * LOW HITPOINT WARNING * * *
You hit the jelly.
Your hands burn!
* * * LOW HITPOINT WARNING * * *
The jelly is moderately wounded.
The jelly hits you.
* * * LOW HITPOINT WARNING * * *
The acid corrodes you!
You are splashed with acid!
You die...

#.##........# #....)...
#.##........# #.#######
#.#.....#.#.#####.## #.
##..................# #.
########...###'#######+###.# #.
#........#.#..⌠...>...⌠..#.# #.
#.#.#.##...#......<......#.#####.
#..#.......'⌠....###....⌠+.......
#.#...###..#....@JJ......#.#####.
#.##.#.....#######B#######.# #.
.....#.###.#


hhw.rrhJ... #.# #. #.####.###.#...rJBBh.....#.# ## #.# #.....#...B..B......#.#
#.####.##..###############.# #.#.##.###..............)..# #..#.#.#
###.#..######...### #.###..# #.##.# #.### You could see a jelly, 2 endoplasms, 2
jackals, 4 giant cockroaches and 2 rats.

Vanquished Creatures
  A gnoll (D:1)
  A dart slug (D:1)
  3 ball pythons (D:1)
  2 endoplasms (D:1)
  3 giant cockroaches (D:1)
  2 goblins (D:1)
  3 hobgoblins (D:1)
  A frilled lizard (D:1)
  2 kobolds (D:1)
  2 rats (D:1)
20 creatures vanquished.

Notes
Turn   | Place    | Note
-------+----------+-------------------------------------------
     0 | D:1      | Kenran the Armataur Berserker began the quest for the Orb.
     0 | D:1      | Reached XP level 1. HP: 19/19 MP: 1/1
     2 | D:1      | Found a runed translucent door.
     4 | D:1      | Noticed a jelly
    35 | D:1      | Reached skill level 3 in Maces & Flails
    35 | D:1      | Reached XP level 2. HP: 26/26 MP: 2/2
   570 | D:1      | Reached XP level 3. HP: 32/32 MP: 3/3
   580 | D:1      | Splashed by a jelly's acid

Illustrated notes

Levels and vault maps discovered:
D:1:      dpeg_arrival_caged_fury, layout_loops_ring

Skill      XL: |  1 |
---------------+----+-----
Maces & Flails | 3 |  3.9
Fighting       | |  2.6
Armour         | |  2.4
Dodging        | |  1.3

Action                     || total
---------------------------++-------
  Melee: Mace              ||    39
         Tailslap          ||     4
 Invoke: Berserk           ||     2
 Armour: Animal skin       ||     8
  Dodge: Dodged            ||    13

Table legend: (Time is in decaauts)
 A = Elapsed time spent in this place.
 B = Non-inter-level travel time spent in this place.
 C = Inter-level travel time spent in this place.
 D = Time resting spent in this place.
 E = Time spent auto-exploring this place.
 F = Levels seen in this place.
 G = Mean time per level.
                   A        B        C        D        E       F      G
               +--------+--------+--------+--------+--------+-----+--------+
         Total |    593 |    593 |      0 |     37 |    398 |   1 |  593.0 |
       Dungeon |    593 |    593 |      0 |     37 |    398 |   1 |  593.0 |
               +--------+--------+--------+--------+--------+-----+--------+

Top non-repeatable levels by time:
     D:1: 593 daAuts
